 Dungeon Crawl Stone Soup version 0.30.1-4-g462c640d31 (webtiles) character file.

Game seed: 7173304679817007839

9256 Mickster the Cleaver (level 11, -2/148 HPs)
             Began as a Hill Orc Berserker on Aug 23, 2023.
             Was a Priest of Trog.
             Slain by a gnoll
             ... wielding a +0 halberd
             ... led by a gnoll sergeant
              (6 damage)
             ... on level 10 of the Dungeon.
             The game lasted 01:00:09 (10569 turns).

Mickster the Cleaver (Hill Orc Berserker)          Turns: 10569, Time: 01:00:10

Health: -2/148     AC: 25    Str: 27    XL:     11   Next: 43%
Magic:  11/11      EV:  2    Int:  7    God:    Trog [***...]
Gold:   556        SH:  0    Dex: 10    Spells: 10/10 levels left

rFire   . . .        a - +4 hand axe
rCold   . . .        (no shield)
rNeg    + . .        q - melded +0 plate armour
rPois   +            O - melded +1 hat
rElec   .            (cloak currently unavailable)
rCorr   .            w - melded +0 pair of gloves
SInv    +            (boots currently unavailable)
Will    .....        (no amulet)
Stlth   ++           b - ring "Ogginwef" {rPois rN+ Str+2 Slay+2 SInv}
HPRegen 0.44/turn    y - +5 ring of evasion
MPRegen 0.12/turn

%: no passive effects
@: tree-form, marked, on berserk cooldown, slowed, studying Staves, very slow
A: stationary, stasis, torment immunity, boosted hp
a: Renounce Religion, Berserk, Trog's Hand


You were on level 10 of the Dungeon.
You worshipped Trog.
Trog was most pleased with you.
You were a tree.
You visited 1 branch of the dungeon, and saw 10 of its levels.

You collected 556 gold pieces.

Inventory:

Hand Weapons
 a - a +4 hand axe (weapon)
 h - a +1 antimagic spear
 v - a +4 flail of protection
 x - a +0 long sword
 z - a +3 spear
 A - a +4 scimitar of freezing
 D - a +0 heavy flail
 G - a +2 dagger of draining
 H - a +0 arbalest
 I - a +3 morningstar
 P - a +4 long sword
 T - a +2 trident of venom
Missiles
 c - 5 boomerangs
 d - 27 poisoned darts
 p - 6 curare-tipped darts (quivered)
 J - 3 throwing nets
 M - 31 stones
Armour
 q - a +0 plate armour (melded)
 w - a +0 pair of gloves (melded)
 L - +2 acid dragon scales
 O - a +1 hat (melded)
 V - a +2 chain mail of willpower
Jewellery
 b - the ring "Ogginwef" (left branch) {rPois rN+ Str+2 Slay+2 SInv}
   (You found it on level 10 of the Dungeon)

   [ring of positive energy]

   Str:       It affects your strength (+2).
   Slay:      It affects your accuracy & damage with ranged weapons and melee
   (+2).
   rPois:     It protects you from poison.
   rN:        It protects you from negative energy.
   SInv:      It lets you see invisible.
 m - a ring of resist corrosion
 y - a +5 ring of evasion (right branch)
 Q - an amulet of magic regeneration
 S - a ring of fire
 U - a +6 ring of dexterity
 W - a ring of magical power
Wands
 F - a wand of mindburst (23)
 N - a wand of iceblast (10)
 R - a wand of digging (6)
Scrolls
 e - 8 scrolls of teleportation
 i - a scroll of amnesia
 k - 3 scrolls of magic mapping
 l - a scroll of enchant weapon
 t - 4 scrolls of blinking
 E - a scroll of fog
 K - 5 scrolls of silence
Potions
 f - 2 potions of curing
 g - a potion of attraction {unknown}
 j - 4 potions of flight
 n - a potion of brilliance {unknown}
 o - 2 potions of lignification
 r - 3 potions of haste {unknown}
 s - a potion of might
 u - a potion of heal wounds {unknown}
 B - a potion of resistance {unknown}
 C - a potion of berserk rage {unknown}


   Skills:
 + Level 9.7 Fighting
 - Level 8.7 Long Blades
 * Level 13.9 Axes
 + Level 0.9(7.5) Polearms
 + Level 0.2 Throwing
 + Level 9.3 Armour
 + Level 2.8 Dodging
 + Level 1.6 Stealth


You had 10 spell levels left.
You didn't know any spells.
Your spell library was empty.

Dungeon Overview and Level Annotations

Branches:
Dungeon (10/15)            Temple (0/1) D:7
   Lair: D:8-11         Orc: D:9-12

Altars:
Qazlal
Vehumet

Shops:
D:8 !

Annotations:
D:8 exclusions: ice statue and orange crystal statue


Message History

The gnoll hits you but does no damage. x2
The gnoll sergeant hits you from afar with a +0 spear.
* * * LOW HITPOINT WARNING * * *
You slash the gnoll!
You kill the gnoll!
Trog accepts your kill. The gnoll hits you but does no damage.
The gnoll sergeant hits you but does no damage.
The gnoll hits you but does no damage.
The gnoll sergeant hits you from afar with a +0 spear.
* * * LOW HITPOINT WARNING * * *
Unknown command.
The gnoll hits you from afar with a +0 halberd.
* * * LOW HITPOINT WARNING * * *
The gnoll sergeant hits you from afar with a +0 spear.
* * * LOW HITPOINT WARNING * * *
The gnoll sergeant hits you from afar with a +0 spear!
* * * LOW HITPOINT WARNING * * *
The gnoll hits you but does no damage.
You cannot move.
You cannot move.
You cannot move.
You cannot move.
You cannot move.
You cannot move.
You cannot move.
You cannot move.
The gnoll hits you but does no damage.
The gnoll sergeant hits you but does no damage.
The gnoll hits you but does no damage.
The gnoll sergeant hits you but does no damage.
The gnoll sergeant hits you from afar with a +0 spear.
* * * LOW HITPOINT WARNING * * *
The gnoll hits you but does no damage.
The gnoll hits you from afar with a +0 halberd.
* * * LOW HITPOINT WARNING * * *
The gnoll sergeant hits you from afar with a +0 spear.
* * * LOW HITPOINT WARNING * * *
The gnoll hits you from afar with a +0 halberd.
You die...

.......................
.......$.....>.........
.....................#
....?................#
.....................#
....................P##
..................P...#
............g)♣......P###
............g....P~~P.P..
###...#########...~~~..P#
#...# #.♣~~~♣~..# #...#
#.P~♣~~.P. #...# ##.~~~~♣♣P
#...# #..~~~~♣.
#####...##########P..♣~~..
...................P.....P.


You could see a gnoll sergeant and a gnoll.

Vanquished Creatures
  Harold (D:10)
  2 two-headed ogres (D:9)
  Pikel (D:8)
  Maggie (D:7)
  A troll (D:10)
  A hornet (D:10)
  9 yaks
  A neqoxec (D:10)
  2 wyverns (D:9)
  Edmund (D:5)
  An acid dragon (D:9)
  2 water moccasins
  2 orc warriors
  3 sky beasts
  An ice beast (D:7)
  2 black bears
  An ogre (D:4)
  A lemure (D:8)
  4 centaurs
  4 kobold brigands
  2 gnoll sergeants (D:9)
  5 bullfrogs
  5 scorpions
  9 wights
  9 killer bees
  2 howler monkeys
  5 hounds
  5 jellies
  A quasit (D:10)
  A gnoll bouda (D:6)
  4 orc priests
  A sleepcap (D:8)
  2 iguanas
  5 orc wizards
  15 gnolls
  8 adders
  A shadow imp (D:7)
  2 white imps
  An ufetubus (D:5)
  3 worms
  4 dart slugs
  27 orcs
  3 endoplasms (D:1)
  7 giant cockroaches
  8 goblins
  7 hobgoblins
  7 jackals (D:1)
  4 quokkas
  6 ball pythons
  5 bats
  2 frilled lizards (D:1)
  18 kobolds
  3 rats
228 creatures vanquished.

Vanquished Creatures (collateral kills)
  An orc warrior (D:10)
1 creature vanquished.

Grand Total: 229 creatures vanquished

Notes
Turn   | Place    | Note
-------+----------+-------------------------------------------
     0 | D:1      | Mickster the Hill Orc Berserker began the quest for the
                  | Orb.
     0 | D:1      | Reached XP level 1. HP: 19/19 MP: 1/1
    45 | D:1      | Reached XP level 2. HP: 26/27 MP: 2/2
   414 | D:1      | Found a faded altar of an unknown god.
   433 | D:1      | Reached XP level 3. HP: 33/33 MP: 3/3
   670 | D:1      | Reached skill level 5 in Axes
  1158 | D:1      | Reached ** piety under Trog
  1257 | D:2      | Reached XP level 4. HP: 26/41 MP: 4/4
  1876 | D:2      | Reached XP level 5. HP: 47/47 MP: 5/5
  2106 | D:3      | Reached skill level 5 in Fighting
  2106 | D:3      | Reached skill level 6 in Axes
  2158 | D:3      | Found a stormy altar of Qazlal.
  2275 | D:3      | Reached XP level 6. HP: 30/56 MP: 6/6
  3053 | D:4      | Reached skill level 7 in Axes
  3460 | D:4      | Reached XP level 7. HP: 61/61 MP: 7/7
  3885 | D:5      | Entered Level 5 of the Dungeon
  4075 | D:5      | Reached skill level 8 in Axes
  4305 | D:5      | Reached XP level 8. HP: 59/70 MP: 8/8
  4424 | D:5      | Reached skill level 5 in Armour
  4469 | D:5      | Found a sand-covered staircase.
  4505 | D:5      | Noticed Edmund
  4527 | D:5      | Killed Edmund
  4528 | D:5      | Reached skill level 9 in Axes
  4892 | D:6      | Reached skill level 10 in Axes
  5032 | D:6      | Reached skill level 1 in Long Blades
  5131 | D:6      | Reached XP level 9. HP: 78/78 MP: 9/9
  5553 | D:6      | Reached skill level 5 in Long Blades
  5721 | D:7      | Reached *** piety under Trog
  6172 | D:7      | Found a staircase to the Ecumenical Temple.
  6178 | D:7      | Noticed Maggie
  6194 | D:7      | Killed Maggie
  6412 | D:7      | Reached XP level 10. HP: 78/86 MP: 10/10
  6690 | D:8      | Found Pediecu's Distillery.
  7115 | D:8      | Reached skill level 1 in Stealth
  7590 | D:8      | Noticed an orange crystal statue
  7724 | D:8      | Noticed an ice statue
  7844 | D:8      | Noticed Pikel
  7858 | D:8      | Killed Pikel
  7859 | D:8      | Reached skill level 11 in Axes
  8498 | D:9      | Found a radiant altar of Vehumet.
  8537 | D:9      | Noticed a two-headed ogre
  8554 | D:9      | Killed a two-headed ogre
  8555 | D:9      | Reached skill level 12 in Axes
  8574 | D:9      | Reached **** piety under Trog
  8594 | D:9      | Reached XP level 11. HP: 15/97 MP: 11/11
  8920 | D:9      | Noticed a two-headed ogre
  8933 | D:9      | Killed a two-headed ogre
  8934 | D:9      | Reached skill level 13 in Axes
  9488 | D:10     | Entered Level 10 of the Dungeon
  9640 | D:10     | Paralysed by a hornet for 3 turns
 10380 | D:10     | Identified the ring "Ogginwef" {rPois rN+ Str+2 Slay+2
                  | SInv}
 10512 | D:10     | Noticed Harold
 10539 | D:10     | Killed Harold
 10565 | D:10     | HP: 6/148 [gnoll sergeant/+0 spear (10)]
 10569 | D:10     | Slain by a gnoll

Illustrated notes

Levels and vault maps discovered:
D:1:      minmay_arrival_hallway, layout_basic,
          shapermc_ecumenical_altar_mp_vishouse, minmay_domino_2
D:2:      layout_loops_cross
D:3:      layout_basic, nicolae_qazlal_scattered_showers,
          guppyfry_early_orc_mine
D:4:      layout_basic
D:5:      layout_cave_pools, nicolae_ossuary_entry_false_entrances, uniq_edmund
D:6:      layout_gridville, minmay_manual_mares
D:7:      layout_rooms, minmay_temple_entry_mini_moons, uniq_maggie
D:8:      minmay_separated_statues, layout_cave_pools, serial_shops, shop,
          serial_column_ruins, column_ruins_columns_straight,
          column_ruins_open_small, column_ruins_open_tiny, uniq_pikel
D:9:      minmay_s_stair_smasher, layout_gridville, nicolae_vehumet_altar_sigil,
          erik_lair_orcish_takeover, enter_bailey_3, nicolae_wwwww
D:10:     layout_long_grid, serial_demonic, serial_demonic_d, serial_demonic_b,
          serial_demonic_c, serial_demonic_a, columned_hall_lemuel,
          serial_bayou_pond_a, uniq_harold

Skill      XL: |  1  2  3  4  5  6  7  8  9 10 11 |
---------------+----------------------------------+-----
Fighting       | 4 5 6 7 9 |  9.7
Axes           | 5 6 7 8 10 12 13 | 13.9
Dodging        | 2 |  2.8
Armour         | 3 4 6 7 8 9 |  9.3
Long Blades    | 3 8 |  8.7
Stealth        | 1 |  1.6
Polearms       | |  0.9
Throwing       | |  0.2

Action                     |  1- 3 |  4- 6 |  7- 9 | 10-12 || total
---------------------------+-------+-------+-------+-------++-------
  Melee: Hand axe          |    93 |   132 |    93 |   281 ||   599
         Punch             |       |     1 |     3 |     5 ||     9
         Scimitar          |       |       |   145 |     9 ||   154
         Spear             |       |       |       |    24 ||    24
  Throw: Dart              |       |       |     4 |       ||     4
 Invoke: Berserk           |     1 |     4 |     7 |    13 ||    25
         Trog's Hand       |       |       |     4 |     5 ||     9
         Brothers in Arms  |       |       |       |     1 ||     1
    Use: Scroll            |     7 |     7 |     3 |     5 ||    22
         Potion            |       |       |       |     4 ||     4
 Armour: Animal skin       |    18 |       |       |       ||    18
         Chain mail        |     1 |    71 |       |       ||    72
         Plate armour      |       |     3 |   204 |   157 ||   364
         Skin              |       |       |       |    13 ||    13
  Dodge: Dodged            |    73 |    64 |   170 |   196 ||   503
